 Dungeon Crawl Stone Soup version 0.32-a0-40-g2adb59ae06 (webtiles) character file.

Game seed: 17183950773462247778

65 dave1331 the Trooper (level 4, -1/40 HPs)
             Began as a Hill Orc Fighter on Oct 4, 2023.
             Succumbed to an adder's poison
             ... on level 3 of the Dungeon on Jan 24, 2024.
             The game lasted 00:07:52 (729 turns).

dave1331 the Trooper (Hill Orc Fighter)              Turns: 729, Time: 00:07:53

Health: -1/40      AC:  8    Str: 20    XL:     4   Next: 14%
Magic:  4/4        EV:  9    Int:  8    God:
Gold:   106        SH:  4    Dex: 10    Spells: 3/3 levels left

rFire   . . .        a - +0 war axe
rCold   . . .        c - +0 buckler
rNeg    . . .        b - +0 scale mail
rPois   .            (no helmet)
rElec   .            (no cloak)
rCorr   .            (no gloves)
SInv    .            i - +0 pair of boots
Will    .....        (no amulet) Stlth
                     (no ring)
HPRegen 0.26/turn    (no ring)
MPRegen 0.09/turn

%: no passive effects
@: lethally poisoned (-1 -> -12)
A: no striking features
a: no special abilities


You were on level 3 of the Dungeon.
You visited 1 branch of the dungeon, and saw 3 of its levels.

You collected 106 gold pieces.

Inventory:

Hand Weapons
 a - a +0 war axe (weapon)
Missiles
 g - 6 boomerangs (quivered)
Armour
 b - a +0 scale mail (worn)
 c - a +0 buckler (worn)
 i - a +0 pair of boots (worn)
Jewellery
 f - a ring of flight
Scrolls
 h - a scroll of poison
 j - a scroll of identify {unknown}
Potions
 d - a potion of might
 e - a potion of enlightenment {unknown}


   Skills:
 + Level 4.3 Fighting
 + Level 3.6 Axes
 + Level 3.9 Armour
 + Level 3.9 Shields


You had 3 spell levels left.
You didn't know any spells.
Your spell library was empty.

Dungeon Overview and Level Annotations

Branches:
Dungeon (3/15)

Altars:


Message History

As you read the scroll labelled WOCORO VAAHO, it crumbles to dust.
It was a scroll of poison.
Okay, then.
Done exploring.
Done exploring.
You are engulfed in poison gas.
You are poisoned.
You feel very sick.
There is a stone staircase leading down here.
You are engulfed in poison gas.
You are more poisoned.
You feel extremely sick.
You climb downwards.
You feel very sick.
The kobold shouts!
Found an escape hatch in the ceiling.
There is a stone staircase leading up here.
You feel very sick.
A quokka comes into view.
* * * LOW HITPOINT WARNING * * *
You feel very sick.
An adder comes into view.
* * * LOW HITPOINT WARNING * * *
You feel very sick.
The adder hisses angrily.
* * * LOW HITPOINT WARNING * * *
You feel sick.
* * * LOW HITPOINT WARNING * * *
You feel sick.
You miss the adder. You closely miss the quokka.
* * * LOW HITPOINT WARNING * * *
You feel sick. The adder bites you.
* * * LOW HITPOINT WARNING * * *
You are more poisoned.
The adder poisons you!
The kobold throws a stone.
The stone closely misses you.
The quokka twitches its whiskers.
The quokka bites you but does no damage.
The adder completely misses you.
The kobold throws a stone.
The stone closely misses you.
You hit the adder but do no damage. You hit the quokka.
You die...

#.# #.........
..#.. #..K......
..#.. #.........
..<...##.........
.. #.#...<..#
...#.#......#
............##.
###.#.......... #
#..@r.....#
#..S......#
............#
..............#
..........#...#
#.........#....
..........# ...
.....#....# #.


You could see an adder, a quokka and a kobold.

Vanquished Creatures
  Jessica (D:2)
  2 adders (D:2)
  A dart slug (D:2)
  2 ball pythons (D:2)
  4 bats (D:2)
  3 endoplasms
  A giant cockroach (D:1)
  A hobgoblin (D:1)
  2 quokkas
  A frilled lizard (D:1)
18 creatures vanquished.

Notes
Turn   | Place    | Note
-------+----------+-------------------------------------------
     0 | D:1      | dave1331 the Hill Orc Fighter began the quest for the Orb.
     0 | D:1      | Reached XP level 1. HP: 19/19 MP: 1/1
    45 | D:1      | Upgraded the game from 0.31-a0-846-gb3bcc0d938 to
                  | 0.31-a0-848-gaac375c287
    95 | D:1      | Upgraded the game from 0.31-a0-848-gaac375c287 to
                  | 0.31-a0-1074-g0b22e4e0f1
   122 | D:1      | Upgraded the game from 0.31-a0-1074-g0b22e4e0f1 to
                  | 0.32-a0-40-g2adb59ae06
   151 | D:1      | Reached XP level 2. HP: 27/27 MP: 2/2
   160 | D:1      | You fall into a shaft and drop 1 floor!
   338 | D:2      | Reached skill level 4 in Fighting
   338 | D:2      | Reached XP level 3. HP: 27/33 MP: 3/3
   505 | D:2      | Noticed Jessica
   512 | D:2      | Killed Jessica
   513 | D:2      | Reached XP level 4. HP: 38/40 MP: 4/4
   729 | D:3      | Succumbed to an adder's poison

Illustrated notes

Levels and vault maps discovered:
D:1:      psy_arrival_dodecagon, layout_basic
D:2:      layout_rooms, uniq_jessica
D:3:      minmay_angry_zag, layout_basic, gammafunk_ghost_nasty_kobolds,
          uniq_crazy_yiuf_cottage

Skill      XL: |  1  2 |
---------------+-------+-----
Axes           | 3 |  3.6
Fighting       | 4 |  4.3
Armour         | |  3.9
Shields        | |  3.9

Action                     |  1- 3 |  4- 6 || total
---------------------------+-------+-------++-------
  Melee: War axe           |    63 |     6 ||    69
  Throw: Boomerang         |     7 |       ||     7
    Use: Scroll            |       |     1 ||     1
 Armour: Scale mail        |    48 |     5 ||    53
  Dodge: Dodged            |    27 |     8 ||    35
  Block: Buckler           |    15 |       ||    15

Table legend: (Time is in decaauts)
 A = Elapsed time spent in this place.
 B = Non-inter-level travel time spent in this place.
 C = Inter-level travel time spent in this place.
 D = Time resting spent in this place.
 E = Time spent auto-exploring this place.
 F = Levels seen in this place.
 G = Mean time per level.
                   A        B        C        D        E       F      G
               +--------+--------+--------+--------+--------+-----+--------+
         Total |    756 |    652 |    104 |      0 |    431 |   3 |  252.0 |
       Dungeon |    756 |    652 |    104 |      0 |    431 |   3 |  252.0 |
               +--------+--------+--------+--------+--------+-----+--------+

Top non-repeatable levels by time:
     D:2: 578 daAuts
     D:1: 171 daAuts
     D:3: 7 daAuts
